 Dungeon Crawl Stone Soup version 0.22-b1-21-g5cfc168 (webtiles) character file.

2095 tyranidshit the Fighter (level 9, -1/76 HPs)
             Began as a Demonspawn Abyssal Knight on Aug 4, 2018.
             Was an Elder of Lugonu.
             Slain by a slave (7 damage)
             ... led by Pikel
             ... on level 7 of the Dungeon.
             The game lasted 00:16:45 (6171 turns).

tyranidshit the Fighter (Demonspawn Abyssal Knight) Turns: 6171, Time: 00:16:46

Health: -1/76      AC: 17    Str: 18    XL:     9   Next: 7%
Magic:  13/13      EV:  7    Int: 16    God:    Lugonu [****..]
Gold:   393        SH:  0    Dex: 12    Spells: 8/8 levels left

rFire    . . .     SeeInvis .   w - +0 executioner's axe
rCold    . . .     Gourm    .   (shield currently unavailable)
rNeg     . . .     Faith    .   r - +0 chain mail
rPois    +         Spirit   .   (helmet restricted)
rElec    .         Reflect  .   q - +0 cloak
rCorr    +         Harm     .   f - +0 pair of gloves
MR       .....                  i - +1 pair of boots
Stlth    ..........             j - amulet of regeneration
HPRegen  0.62/turn              o - ring of resist corrosion
MPRegen  0.13/turn              m - ring of poison resistance

@: drained
A: horns 2, thin metallic scales 2, blink, clever 1, demonic guardian 1, strong
1
a: Blink, Depart the Abyss, Bend Space, Banish, Corrupt, Renounce Religion


You were on level 7 of the Dungeon.
You worshipped Lugonu.
Lugonu was greatly pleased with you.
You were not hungry.

You visited 2 branches of the dungeon, and saw 8 of its levels.
You visited the Abyss 1 time.
You also visited: Sewer.

You collected 393 gold pieces.

Inventory:

Hand Weapons
 w - a +0 executioner's axe (weapon)
Armour
 b - a +0 leather armour
 f - a +0 pair of gloves (worn)
 h - a +0 ring mail
 i - a +1 pair of boots (worn)
 q - a +0 cloak (worn)
 r - a +0 chain mail (worn)
Jewellery
 j - an amulet of regeneration (around neck)
 m - a ring of poison resistance (right hand)
 o - a ring of resist corrosion (left hand)
Scrolls
 a - a scroll of enchant armour
 e - 3 scrolls of magic mapping
 k - a scroll of fog
 l - 5 scrolls of teleportation
 p - 4 scrolls of identify
 v - a scroll of amnesia
Potions
 d - 5 potions of flight
 g - a potion of lignification {unknown}
 s - a potion of brilliance
Comestibles
 c - 12 rations


   Skills:
 - Level 9.3(8.2) Fighting
 * Level 3.8(2.9) Axes
 - Level 5.7(4.7) Armour
 - Level 1.0(0.2) Dodging
 * Level 5.5(4.6) Invocations


You had 8 spell levels left.
You didn't know any spells.
Your spell library contained the following spells:

 Spells                   Type           Power        Failure   Level  Hunger
 Mephitic Cloud           Conj/Pois/Air  #.......     100%        3    ####...
 Venom Bolt               Conj/Pois      #.........   100%        5    ######.
 Olgreb's Toxic Radiance  Pois           #.......     100%        4    #####..
 Sting                    Conj/Pois      #...         96%         1    ##.....
 Poisonous Vapours        Pois/Air       #.....       99%         2    ###....


Dungeon Overview and Level Annotations

Branches:
Dungeon (7/15)             Temple (1/1) D:4

Altars:
Ashenzari
Cheibriados
Elyvilon
Fedhas
Hepliaklqana
Makhleb
Nemelex Xobeh
Qazlal
Vehumet
Wu Jian
Xom
Yredelemnul
Zin
The Shining One
Lugonu

Shops:
D:4 %   D:6 =

Annotations:
D:7 Pikel


Innate Abilities, Weirdness & Mutations

You have a pair of horns on your head.
You are mostly covered in thin metallic scales. (AC +3)
A weak demonic guardian rushes to your aid.
You can translocate small distances at will.
Your mind is acute. (Int +2)
Your muscles are strong. (Str +2)


Message History

* * * LOW HITPOINT WARNING * * *
The slave barely misses you. Pikel hits you but does no damage.
You are electrocuted!
* * * LOW HITPOINT WARNING * * *
The slave barely misses you. The slave hits you but does no damage.
The sky beast hits you but does no damage.
Your shadow imp closely misses the sky beast.
You hit Pikel but do no damage.
Pikel is lightly wounded.
You hit the slave. You slash the slave! You barely miss the sky beast.
You slash the slave! You closely miss the slave.
A quokka zombie comes into view.
The slave hits you but does no damage. Pikel hits you but does no damage.
The slave hits you but does no damage. x3; The sky beast flickers out of sight!
Deactivating autopickup; reactivate with Ctrl-A.
Something hits you but does no damage.
Your shadow imp barely misses something.
The slave hits you but does no damage. x2; Pikel barely misses you.
The slave hits you!
You die...

###### #....###
##......# #.......#
#..5....# #...{p..#
#...p@..# ## ##...pKp.#
..### ##........##
#...######.............
#..#.#.....#.(######.
###.......Z>###.#
..........####..#
#.#.#p#......#..#
........^.##....#


You could see Pikel, 4 slaves, a quokka zombie and a friendly shadow imp.

Vanquished Creatures
  Grinder (D:2)
  Sigmund (D:5)
  Menkaure (D:5)
  Edmund (D:5)
  Duvessa (D:6)
  A sky beast (D:5)
  An ogre (D:5)
  3 bullfrogs (D:6)
  Dowan (D:6)
  4 scorpions (D:5)
  3 wights (D:6)
  3 crimson imps
  A hound (D:4)
  A centaur skeleton (D:4)
  An orc priest (D:4)
  4 orc wizards
  2 worker ants (D:5)
  2 hound zombies
  Robin (D:3)
  A howler monkey skeleton (D:6)
  4 gnolls (D:5)
  8 adders
  3 oozes (Sewer)
  7 worms
  A dart slug (D:2)
  A leopard gecko (D:6)
  13 orcs
  11 bats
  9 giant cockroaches
  12 goblins
  8 hobgoblins
  6 jackals
  13 kobolds
  2 quokkas (D:6)
  3 ball pythons
  3 frilled lizards
  A giant cockroach zombie (D:5)
  A jackal skeleton (D:4)
  10 rats
  2 fungi (D:5)
152 creatures vanquished.

Notes
Turn   | Place    | Note
-------+----------+-------------------------------------------
     0 | Abyss:1  | tyranidshit the Demonspawn Abyssal Knight began the quest for the Orb.
     0 | Abyss:1  | Reached XP level 1. HP: 18/18 MP: 2/2
    79 | Abyss:1  | Found a corrupted altar of Lugonu.
   136 | Abyss:1  | Noticed a small abomination
   137 | D:1      | Escaped the Abyss
   334 | D:1      | Reached * piety under Lugonu
   368 | D:1      | Gained mutation: You are partially covered in thin metallic scales. (AC +2) [demonic ancestry]
   368 | D:1      | Reached XP level 2. HP: 20/24 MP: 3/3
   986 | D:1      | Reached skill level 1 in Dodging
  1276 | D:2      | Reached XP level 3. HP: 23/30 MP: 4/4
  1566 | D:2      | Found a burning altar of Makhleb.
  1566 | D:2      | Found a shimmering altar of Xom.
  1693 | D:2      | Reached skill level 4 in Fighting
  1868 | D:2      | Found a faded altar of an unknown god.
  1985 | D:3      | Gained mutation: You have a pair of small horns on your head. [demonic ancestry]
  1985 | D:3      | Reached XP level 4. HP: 37/38 MP: 5/5
  2005 | D:3      | Found a glowing drain.
  2128 | Sewer    | Entered a sewer
  2134 | Sewer    | Reached ** piety under Lugonu
  2234 | Sewer    | Reached skill level 5 in Fighting
  2532 | D:3      | Noticed Grinder
  2534 | D:3      | Paralysed by Grinder for 7 turns
  2552 | D:3      | Paralysed by Grinder for 3 turns
  2558 | D:3      | Paralysed by Grinder for 7 turns
  2578 | D:3      | Paralysed by Grinder for 4 turns
  2585 | D:2      | Paralysed by Grinder for 3 turns
  2668 | D:3      | Reached XP level 5. HP: 43/44 MP: 6/6
  3114 | D:3      | Noticed Robin
  3121 | D:3      | Reached *** piety under Lugonu
  3164 | D:3      | Killed Robin
  3356 | D:4      | Found a staircase to the Ecumenical Temple.
  3380 | D:4      | Found Ceblos's Food Shop.
  3400 | D:4      | Reached skill level 6 in Fighting
  3630 | D:4      | Gained mutation: You have a pair of horns on your head. [demonic ancestry]
  3630 | D:4      | Reached XP level 6. HP: 51/53 MP: 7/7
  3922 | D:2      | Paralysed by Grinder for 2 turns
  3930 | D:2      | Paralysed by Grinder for 4 turns
  3939 | D:2      | Killed Grinder
  4008 | D:5      | Entered Level 5 of the Dungeon
  4040 | Temple   | Entered the Ecumenical Temple
  4252 | D:5      | Noticed Edmund
  4268 | D:5      | Gained mutation: You are mostly covered in thin metallic scales. (AC +3) [demonic ancestry]
  4268 | D:5      | Reached XP level 7. HP: 40/59 MP: 8/8
  4297 | D:5      | Killed Edmund
  4297 | D:5      | Reached skill level 5 in Armour
  4368 | D:5      | Found a blossoming altar of Fedhas.
  4400 | D:5      | Found a stormy altar of Qazlal.
  4440 | D:5      | Noticed Sigmund
  4479 | D:5      | Killed Sigmund
  4479 | D:5      | Reached skill level 7 in Fighting
  4597 | D:5      | Found a white marble altar of Elyvilon.
  4628 | D:5      | Reached XP level 8. HP: 50/67 MP: 9/9
  4694 | D:5      | Noticed Menkaure
  4705 | D:5      | HP: 3/67 [Menkaure (12)]
  4709 | D:5      | Killed Menkaure
  4709 | D:5      | Reached skill level 8 in Fighting
  4787 | D:5      | Found a glowing golden altar of the Shining One.
  5196 | D:5      | Reached skill level 9 in Fighting
  5415 | D:6      | Reached **** piety under Lugonu
  5490 | D:6      | Noticed Dowan
  5490 | D:6      | Noticed Duvessa
  5509 | D:6      | Killed Duvessa
  5551 | D:6      | Killed Dowan
  5561 | D:6      | Found Cusaurph's Jewellery Shop.
  5680 | D:6      | Gained mutation: You can translocate small distances at will. [potion of mutation]
  5680 | D:6      | Gained mutation: Your muscles are strong. (Str +2) [potion of mutation]
  5680 | D:6      | Gained mutation: Your mind is acute. (Int +2) [potion of mutation]
  5808 | D:6      | Reached skill level 5 in Invocations
  5825 | D:6      | Gained mutation: A weak demonic guardian rushes to your aid. [demonic ancestry]
  5825 | D:6      | Reached XP level 9. HP: 68/76 MP: 12/12
  6064 | D:7      | Noticed Pikel
  6171 | D:7      | Slain by a slave

Skill      XL: |  1  2  3  4  5  6  7  8 |
---------------+-------------------------+-----
Axes           | 2 3 |  3.8
Dodging        | 1 |  1.0
Fighting       | 4 5 6 7 9 |  9.3
Armour         | 2 4 5 |  5.7
Invocations    | 5 |  5.5

Action                   |  1- 3 |  4- 6 |  7- 9 || total
-------------------------+-------+-------+-------++-------
Melee: Hand axe          |   134 |   294 |   200 ||   628
       Headbutt          |       |    34 |    62 ||    96
       Executioner's axe |       |       |   127 ||   127
Invok: Depart the Abyss  |     1 |       |       ||     1
  Use: Scroll            |     6 |     6 |     3 ||    15
       Potion            |     1 |     3 |     4 ||     8
 Stab: Sleeping          |     7 |     3 |       ||    10
  Eat: Ration            |     1 |     3 |     2 ||     6
Armor: Leather armour    |    10 |       |       ||    10
       Ring mail         |    37 |   131 |    17 ||   185
       Chain mail        |       |       |   362 ||   362
Dodge: Dodged            |    67 |   161 |   194 ||   422
